 Dungeon Crawl Stone Soup version 0.32-a0-306-gfed3edf829 (webtiles) character file.

Game seed: 14075835536294655294

43026 holysushi the Messiah (level 13, -14/93 HPs)
             Began as a Demonspawn Monk on Feb 14, 2024.
             Was the Champion of Beogh.
             Killed from afar by a fire dragon (46 damage)
             ... with a blast of flame
             ... on level 5 of the Lair of Beasts on Feb 15, 2024.
             The game lasted 00:45:03 (21129 turns).

holysushi the Messiah (Demonspawn Monk)            Turns: 21129, Time: 00:45:03

Health: -14/93     AC:  8    Str: 12    XL:     13   Next: 88%
Magic:  23/23      EV: 23    Int: 15    God:    Beogh [******]
Gold:   595        SH: 11    Dex: 26    Spells: 9/20 levels left

rFire   . . .        Z - +8 rapier (drain)
rCold   . . .        J - +0 buckler
rNeg    . . .        (no body armour)
rPois   .            j - +2 hat
rElec   .            W - +1 cloak
rCorr   .            y - +2 pair of gloves
SInv    +            k - +0 pair of boots
Will    .....        m - amulet of reflection
Stlth   +++++        a - +6 ring of dexterity
HPRegen 0.35/turn    O - ring of see invisible
MPRegen 0.18/turn

%: reflection
@: hasted, very quick
A: walk on water, horns 2, powered by pain 3, spiny 1, big brain 2
a: Renounce Religion, Smiting, Recall Apostles, Blood for Blood, Dismiss Arkwar,
wizard, Dismiss Orcesus, wizard, Dismiss Dorog, warrior


You were on level 5 of the Lair of Beasts.
You worshipped Beogh.
Beogh was exalted by your worship.
You visited 2 branches of the dungeon, and saw 17 of its levels.
You also visited: Sewer and Bailey.

You collected 1309 gold pieces.
You spent 714 gold pieces at shops.

Inventory:

Hand Weapons
 R - a +2 short sword of speed
 T - a +0 falchion of flaming
 Z - a +8 rapier of draining (weapon)
Armour
 h - a +1 robe of fire resistance
 j - a +2 hat (worn)
 k - a +0 pair of boots (worn)
 y - a +2 pair of gloves (worn)
 J - a +0 buckler (worn)
 U - a +1 robe of willpower
 W - a +1 cloak (worn)
Jewellery
 a - a +6 ring of dexterity (left hand)
 b - a ring of ice
 i - an amulet of magic regeneration
 m - an amulet of reflection (around neck)
 n - a ring of positive energy
 v - a ring of positive energy
 B - a ring of wizardry
 K - a ring of fire
 O - a ring of see invisible (right hand)
Wands
 C - a wand of flame (26)
 G - a wand of charming (12)
 I - a wand of roots (9)
 L - a wand of light (1)
 V - a wand of polymorph (2)
Scrolls
 d - 2 scrolls of revelation
 f - 4 scrolls of teleportation
 g - 2 scrolls of fear
 A - 2 scrolls of fog
 D - 2 scrolls of blinking
 E - a scroll of acquirement {unknown}
 F - a scroll of identify
 N - 6 scrolls of enchant armour
 P - 2 scrolls of immolation
 S - 2 scrolls of torment
 X - a scroll of silence
 Y - 2 scrolls of vulnerability
Potions
 c - a potion of ambrosia
 e - 6 potions of curing
 l - 3 potions of haste
 o - 3 potions of invisibility
 p - 2 potions of magic
 q - 3 potions of cancellation
 r - 5 potions of might
 s - 7 potions of enlightenment
 t - 3 potions of mutation
 u - a potion of attraction
 w - a potion of berserk rage
 x - 2 potions of lignification
 z - 4 potions of brilliance
 M - 2 potions of resistance


   Skills:
 - Level 6.2 Fighting
 + Level 10.7 Short Blades
 - Level 12.0 Dodging
 - Level 10.0 Stealth
 - Level 4.0 Shields
 - Level 4.0 Spellcasting
 + Level 4.8 Air Magic
 - Level 13.7 Invocations
 - Level 3.0 Evocations


You had 9 spell levels left.
You knew the following spells:

 Your Spells              Type           Power      Damage    Failure   Level
a - Sublimation of Blood  Necr           3%         N/A       36%         2
b - Airstrike             Air            8%         2d(2-18)  32%         4
c - Irradiate             Conj/Alch      1%         3d12      100%        5

Your spell library contained the following spells:

 Spells                   Type           Power      Damage    Failure   Level
 Shock                    Conj/Air       40%        1d5       9%          1
 Swiftness                Air            17%        N/A       10%         3
 Foxfire                  Conj/Fire      12%        2x1d4     24%         1
 Kiss of Death            Conj/Necr      12%        2d6       24%         1
 Magic Dart               Conj           12%        1d3       24%         1
 Slow                     Hex            12%        N/A       24%         1
 Blink                    Tloc           6%         N/A       36%         2
 Call Imp                 Summ           6%         N/A       36%         2
 Ensorcelled Hibernation  Hex/Ice        6%         N/A       36%         2
 Jinxbite                 Hex            6%         N/A       36%         2
 Confusing Touch          Hex            3%         N/A       58%         3
 Fugue of the Fallen      Necr           3%         N/A       58%         3
 Inner Flame              Hex/Fire       3%         N/A       58%         3
 Passwall                 Erth           3%         N/A       58%         3
 Sigil of Binding         Hex            3%         N/A       58%         3
 Vampiric Draining        Necr           3%         2d6       58%         3
 Anguish                  Hex/Necr       1%         N/A       94%         4
 Dispel Undead            Necr           3%         3d7       94%         4
 Flame Wave               Conj/Fire      3%         2d5       94%         4
 Petrify                  Alch/Erth      3%         N/A       94%         4
 Sticky Flame             Fire/Alch      3%         2d4       94%         4
 Metabolic Englaciation   Hex/Ice        1%         N/A       100%        5
 Plasma Beam              Fire/Air       5%         2x1d15    100%        6
 Starburst                Conj/Fire      1%         6d3       100%        6
 Lehudib's Crystal Spear  Conj/Erth      1%         10d2      100%        8


Dungeon Overview and Level Annotations

Branches:
Dungeon (12/15) Zot: 25408  Temple (0/1) D:5            Lair (5/5) D:11 Zot: 23686
  Swamp (0/4) Lair:2       Spider (0/4) Lair:3        Slime (0/5) Lair:4
    Orc (0/2) D:9           Sewer (visited)          Bailey (visited)

Altars:
Dithmenos
Gozag
Makhleb
Nemelex Xobeh
Okawaru
Qazlal
Trog
Uskayaw
Vehumet
Wu Jian
Xom
Yredelemnul

Shops:
D:2 ?   D:3 !   D:5 !   D:6 =

Portals:
Abyss: D:6

Annotations:
D:4 1 runed translucent door, Crazy Yiuf
D:6 2 transporters, Gangsterbeez's ghost, novice MiFi
D:8 exclusion: obsidian statue
Lair:5 2 runed translucent doors


Innate Abilities, Weirdness & Mutations

You can walk on water.
Your facial features are unmistakably orcish.
You have a pair of horns on your head.
You are powered by pain.
You are partially covered in sharp spines.
You have an extremely huge brain. (Int +4)


Message History

That felt strangely unrewarding.
Milork invokes the aid of Beogh against you.
Beogh smites you! The troll is struck by your spines. The troll bites you.
The troll claws you! You block the troll's attack.
You hit Milork but do no damage. You drain Milork.
Milork is lightly wounded.
Milork mumbles some strange prayers to Beogh against you.
Beogh smites you! The troll barely misses you. The troll misses you.
You block the troll's attack.
You miss Milork.
Milork is lightly wounded.
Milork grunts, "I wonder, will Beogh raise you from the dead?"
Milork is struck by your spines. Milork hits you with a +3 heavy flail!
As you read the scroll of teleportation, it crumbles to dust.
You feel strangely unstable.
You hit Milork but do no damage. You drain Milork.
Milork is lightly wounded.
The troll is struck by your spines. The troll completely misses you.
You block the troll's attack. x2
You puncture Milork! You headbutt Milork, but do no damage.
Milork is lightly wounded.
You puncture Milork! You drain Milork.
Milork is moderately wounded.
Milork mumbles some strange prayers to Beogh.
You closely miss Milork.
Milork is moderately wounded.
You barely miss Milork.
Milork is moderately wounded.
You block Milork's attack.
You hit Milork.
Milork is moderately wounded.
You hit Milork but do no damage. Your headbutt misses Milork.
Milork is moderately wounded.
Your surroundings suddenly seem different.
A fire dragon comes into view.
Found five items.
Found a large runed translucent door.
The fire dragon roars deafeningly!
The fire dragon breathes flames at you. The blast of flame hits you!!!
You die...

# #≈# #ß...........#§§# #..... #
##≈≈###.........#.≈≈### ###... #
#≈§§§§##)..§.§..#..##ß#######.. #
#≈§§§§§.##.§≈§≈###..#..ß#ß# #..
≈≈##≈§..≈##§≈§§≈≈≈≈......## ###
#≈≈§.§≈#§§≈§≈≈≈§#§.....#### #
####..≈§≈≈######≈§§.........##
#.#ß##†##≈§##/$?=##§§§#..÷..[÷..
#...††.#≈≈#?$.@$$#§§≈≈##....÷..
##ß#..÷.h.#≈#....D.#≈§........###
# #.......≈#......#≈#.......## #
# #.....k§.#......#≈#......## # #
#.....#§§##....## ##.....ß# #
......#≈§.##++## ##....## #
.......§#≈§§≈.§≈ ###.ß#ß# #
............≈§.§§ #≈§.#### #
###.......§§ #≈≈≈# ##


You could see a fire dragon (catching breath) and a wyvern (wandering, target of
vengeance).

Vanquished Creatures
  3 hydras
  A catoblepas (Lair:5)
  2 two-headed ogres
  A boulder beetle (D:11)
  The ghost of wildpjah the Spear-Bearer, a novice MfGl of Okawaru (D:8)
  An orc knight (Bailey)
  4 cyclopes
  A will-o-the-wisp (Lair:2)
  2 black mambas
  3 molten gargoyles (Lair:5)
  6 komodo dragons
  6 cane toads
  2 rime drakes
  3 trolls
  A hornet (D:10)
  Grinder (Sewer)
  2 polar bears (Lair:3)
  A dream sheep (Lair:2)
  A meliai zombie (D:10)
  3 blink frogs (Lair:5)
  8 yaks
  A shadow (D:10)
  2 wyverns (Lair:5)
  A vampire (D:10)
  3 vampire mosquitoes
  6 basilisks
  3 steam dragons
  Menkaure (D:4)
  2 acid dragons
  9 water moccasins
  2 hell hounds (Lair:5)
  3 orc warriors
  2 ice beasts
  3 ogres
  3 black bears
  6 centaurs
  8 wolves
  4 phantoms
  9 bullfrogs
  2 kobold brigands (D:9)
  5 scorpions
  3 wights (D:9)
  2 killer bees (D:8)
  3 howler monkeys
  3 lava snakes (Lair:5)
  2 bombardier beetles
  2 jellies (D:5)
  3 orc priests
  A gnoll bouda (D:5)
  5 hounds
  3 iguanas
  3 sleepcaps (D:5)
  4 orc wizards
  4 hell rats (Lair:2)
  2 centaur simulacra (D:8)
  A crocodile skeleton (Sewer)
  3 kobold zombies (Sewer)
  5 gnolls
  8 adders
  A shadow imp (Sewer)
  A white imp (D:8)
  2 ufetubi
  6 dart slugs
  3 ribbon worms
  12 orcs
  3 bats
  9 endoplasms
  6 giant cockroaches
  6 hobgoblins
  2 jackals (D:4)
  3 quokkas
  5 ball pythons
  2 frilled lizards
  8 goblins
  30 kobolds
  3 rats
287 creatures vanquished.

Vanquished Creatures (collateral kills)
  2 hydras
  Erolcha (D:9)
  2 two-headed ogres
  A skyshark (Lair:4)
  An orc knight (Bailey)
  2 centaur zombies (D:10)
  3 black mambas
  A torpor snail (Lair:2)
  4 cane toads
  An unseen horror (D:10)
  3 rime drakes
  3 komodo dragons
  A kobold demonologist (D:9)
  2 trolls
  2 polar bears
  Prince Ribbit (D:7)
  3 dream sheep (Lair:2)
  6 blink frogs
  A slime creature (D:9)
  3 wraiths
  9 yaks
  A jumping spider (Lair:3)
  3 shadows (D:10)
  A vampire (D:9)
  2 basilisks
  2 wyverns
  A redback (Lair:3)
  2 vampire mosquitoes (D:10)
  An acid dragon (D:11)
  3 water moccasins
  2 hell hounds (Lair:5)
  An ice beast (D:8)
  9 orc warriors
  2 black bears
  5 wolves
  A centaur (D:8)
  A phantom (D:7)
  A kobold brigand (D:8)
  A gnoll sergeant (D:9)
  5 bullfrogs
  A scorpion (D:6)
  4 wights (D:9)
  A hornet simulacrum (D:8)
  A killer bee (D:8)
  3 howler monkeys
  2 lava snakes (Lair:5)
  A crimson imp (D:7)
  A hound (D:5)
  A jelly (D:8)
  A bombardier beetle (D:7)
  2 orc wizards
  2 iguanas (D:6)
  3 hell rats (Lair:2)
  A centaur simulacrum (D:8)
  A gnoll (D:9)
  4 adders (D:6)
  2 white imps
  An ufetubus (D:5)
  2 orcs
  3 goblins (D:9)
  6 kobolds
  2 butterflies (Lair:3)
141 creatures vanquished.

Vanquished Creatures (others)
  3 orc apostles (Lair:5)
  An orc wizard (D:10)
  4 orcs
8 creatures vanquished.

Grand Total: 436 creatures vanquished

Notes
Turn   | Place    | Note
-------+----------+-------------------------------------------
     0 | D:1      | holysushi the Demonspawn Monk began the quest for the Orb.
     0 | D:1      | Reached XP level 1. HP: 18/18 MP: 1/1
   144 | D:1      | Gained mutation: You sometimes gain a little power by
                  | taking damage. [demonic ancestry]
   144 | D:1      | Reached XP level 2. HP: 15/24 MP: 2/2
   677 | D:1      | Reached XP level 3. HP: 22/29 MP: 3/3
  1557 | D:2      | Gained mutation: You have an unusually large brain. (Int
                  | +2) [demonic ancestry]
  1557 | D:2      | Reached XP level 4. HP: 16/35 MP: 4/4
  1974 | D:2      | Found Gegguz's Magic Scroll Boutique.
  1989 | D:2      | Reached skill level 5 in Short Blades
  1997 | D:2      | Bought a scroll of identify for 28 gold pieces
  1997 | D:2      | Bought a scroll of noise for 14 gold pieces
  2451 | D:3      | Gained mutation: You have a pair of small horns on your
                  | head. [demonic ancestry]
  2451 | D:3      | Reached XP level 5. HP: 38/41 MP: 5/5
  2471 | D:3      | Found Vesy's Distillery.
  2624 | D:3      | Became a worshipper of Beogh the Shepherd
  2624 | D:3      | Reached * piety under Beogh
  2624 | D:3      | Reached ** piety under Beogh
  2795 | D:3      | Found a glowing drain.
  2823 | Sewer    | Entered a sewer
  2920 | Sewer    | Reached skill level 1 in Invocations
  2967 | Sewer    | Found an ancient bone altar of Kikubaaqudgha.
  3084 | Sewer    | Reached skill level 2 in Invocations
  3108 | Sewer    | Noticed Grinder
  3120 | Sewer    | Killed Grinder
  3121 | Sewer    | Reached skill level 3 in Invocations
  3121 | Sewer    | Gained mutation: You are partially covered in sharp spines.
                  | [demonic ancestry]
  3121 | Sewer    | Reached XP level 6. HP: 40/47 MP: 1/8
  3509 | D:3      | Found a burning altar of Makhleb.
  3514 | D:3      | Gained mutation: You sometimes gain power by taking damage.
                  | [demonic ancestry]
  3514 | D:3      | Reached XP level 7. HP: 26/52 MP: 9/9
  3760 | D:3      | Found a shimmering altar of Xom.
  3762 | D:3      | Found an ornate altar of the Wu Jian Council.
  3860 | D:4      | Reached skill level 4 in Invocations
  4278 | D:4      | Noticed Menkaure
  4280 | D:4      | Killed Menkaure
  4281 | D:4      | Reached skill level 5 in Invocations
  4508 | D:4      | Found an opulent altar of Gozag.
  4595 | D:4      | Found a hide-covered altar of Uskayaw.
  4596 | D:4      | Found an iron altar of Okawaru.
  4641 | D:4      | Found a runed translucent door.
  4642 | D:4      | Noticed Crazy Yiuf
  4876 | D:5      | Entered Level 5 of the Dungeon
  4877 | D:5      | Found a stormy altar of Qazlal.
  4913 | D:5      | Gained mutation: You are powered by pain. [demonic
                  | ancestry]
  4913 | D:5      | Reached XP level 8. HP: 42/58 MP: 12/12
  5125 | D:5      | Got the Opusculum on Minerals and the Oath
  5237 | D:5      | Found a staircase to the Ecumenical Temple.
  5238 | D:5      | Found Acrub's Distillery.
  5255 | D:5      | Reached skill level 6 in Invocations
  5377 | D:5      | Bought a potion of might for 56 gold pieces
  5437 | D:2      | Bought a scroll of identify for 28 gold pieces
  5437 | D:2      | Bought a scroll of identify for 28 gold pieces
  5437 | D:2      | Bought a scroll of identify for 28 gold pieces
  5437 | D:2      | Bought a scroll of identify for 28 gold pieces
  5636 | D:3      | Found a basalt altar of Yredelemnul.
  6039 | D:5      | Reached skill level 5 in Dodging
  6468 | D:5      | Reached *** piety under Beogh
  6495 | D:5      | Noticed Marbaugh
  6505 | D:5      | Anointed Marbaugh the priest as your apostle
  6666 | D:5      | Gained mutation: You have an extremely huge brain. (Int +4)
                  | [demonic ancestry]
  6666 | D:5      | Reached XP level 9. HP: 62/63 MP: 13/13
  7060 | D:6      | Found a bloodstained altar of Trog.
  7104 | D:6      | Reached skill level 10 in Short Blades
  7187 | D:6      | Found Wuock's Jewellery Shoppe.
  7213 | D:6      | Reached skill level 7 in Invocations
  7251 | D:6      | Found a one-way gate to the infinite horrors of the Abyss.
  7251 | D:6      | Noticed Gangsterbeez's ghost (novice MiFi)
  7446 | D:6      | Found a transporter.
  7446 | D:6      | Noticed a toenail golem
  7448 | D:6      | Found a transporter.
  7490 | D:6      | Noticed Arkwar
  7502 | D:6      | Anointed Arkwar the wizard as your apostle
  7843 | D:7      | Noticed Prince Ribbit
  7852 | D:7      | Killed Prince Ribbit
  7853 | D:7      | Reached skill level 8 in Invocations
  8400 | D:7      | Noticed a two-headed ogre
  8406 | D:7      | Killed a two-headed ogre
  8407 | D:7      | Reached skill level 9 in Invocations
  8407 | D:7      | Gained mutation: You have a pair of horns on your head.
                  | [demonic ancestry]
  8407 | D:7      | Reached XP level 10. HP: 70/70 MP: 6/17
  8845 | D:7      | Reached skill level 10 in Invocations
  8888 | D:7      | Reached skill level 1 in Shields
  9017 | D:8      | Found a runed translucent gate.
  9017 | D:8      | Found a runed translucent gate.
  9018 | D:8      | Found a runed translucent gate.
  9506 | D:8      | Reached **** piety under Beogh
  9704 | D:8      | Found the +10 dark maul {heavy}
  9705 | D:8      | Noticed an obsidian statue
  9707 | D:8      | Noticed a sixfirhy
 10088 | D:8      | Noticed wildpjah's ghost (novice MfGl)
 10189 | D:8      | Killed wildpjah's ghost
 10442 | D:9      | Found a staircase to the Orcish Mines.
 10491 | D:9      | Identified the +1 robe of Midwinter {rN+}
 10491 | D:9      | Noticed Orcesus
 10512 | D:9      | Anointed Orcesus the wizard as your apostle
 10633 | D:9      | Reached skill level 1 in Evocations
 10633 | D:9      | Found a flagged portal.
 10645 | Bailey   | Entered a bailey
 10800 | Bailey   | Noticed an orc knight
 10800 | Bailey   | Noticed an orc knight
 10811 | Bailey   | Killed an orc knight
 10812 | Bailey   | Reached skill level 11 in Invocations
 10818 | Bailey   | Killed an orc knight
 10819 | Bailey   | Reached skill level 5 in Fighting
 10931 | Bailey   | Reached skill level 1 in Stealth
 11211 | D:9      | Reached XP level 11. HP: 78/80 MP: 19/19
 11446 | D:9      | Reached ***** piety under Beogh
 11892 | D:9      | Noticed Erolcha
 11901 | D:9      | Killed Erolcha
 11902 | D:9      | Reached skill level 12 in Invocations
 12370 | D:10     | Entered Level 10 of the Dungeon
 12412 | D:10     | Noticed a two-headed ogre
 12419 | D:10     | Killed a two-headed ogre
 12434 | D:10     | Reached skill level 5 in Stealth
 12434 | D:10     | Reached skill level 13 in Invocations
 12628 | D:10     | You fall into a shaft and drop 2 floors!
 12789 | D:12     | Noticed a two-headed ogre
 12796 | D:12     | Killed a two-headed ogre
 12962 | D:10     | Found a sparkling altar of Nemelex Xobeh.
 12962 | D:10     | Found a radiant altar of Vehumet.
 12967 | D:10     | Found a shadowy altar of Dithmenos.
 13216 | D:10     | Reached XP level 12. HP: 70/88 MP: 22/22
 13645 | D:11     | Found a staircase to the Lair.
 13742 | D:11     | Noticed a two-headed ogre
 13756 | D:11     | Killed a two-headed ogre
 13996 | D:11     | Noticed a boulder beetle
 14007 | D:11     | Killed a boulder beetle
 14160 | Lair:1   | Entered Level 1 of the Lair of Beasts
 14349 | Lair:1   | Reached skill level 10 in Dodging
 14429 | Lair:1   | Anointed Dorog the warrior as your apostle
 15354 | Lair:2   | Noticed a seven-headed hydra
 15375 | Lair:2   | Killed a five-headed hydra
 15731 | Lair:2   | Found a staircase to the Swamp.
 15994 | Lair:2   | Noticed a four-headed hydra
 16002 | Lair:2   | Killed a one-headed hydra
 16003 | Lair:2   | Reached XP level 13. HP: 74/93 MP: 23/23
 16708 | D:6      | Bought a +6 ring of dexterity for 504 gold pieces
 17065 | Lair:3   | Reached ****** piety under Beogh
 17232 | Lair:3   | Learned a level 2 spell: Sublimation of Blood
 17237 | Lair:3   | Learned a level 4 spell: Airstrike
 17436 | Lair:3   | Reached skill level 1 in Spellcasting
 17436 | Lair:3   | Reached skill level 1 in Air Magic
 17534 | Lair:3   | Found a hole to the Spider Nest.
 17931 | Lair:3   | Learned a level 5 spell: Irradiate
 18388 | Lair:4   | Found a staircase to the Slime Pits.
 18423 | Lair:4   | Reached skill level 10 in Stealth
 19283 | Lair:5   | Entered Level 5 of the Lair of Beasts
 20338 | Lair:5   | Your ally Arkwar died
 20339 | Lair:5   | Your ally Dorog died
 20343 | Lair:5   | Your ally Orcesus died
 20344 | Lair:5   | HP: 3/93 [lindwurm/blast of flame (26)]
 21128 | Lair:5   | Found a large runed translucent door.
 21128 | Lair:5   | Found a large runed translucent door.
 21128 | Lair:5   | Noticed a fire dragon
 21129 | Lair:5   | Killed from afar by a fire dragon

Illustrated notes

Levels and vault maps discovered:
D:1:      dpeg_arrival_snail, layout_loops_corners
D:2:      layout_basic, serial_shops, shop
D:3:      layout_rooms, nicolae_overflow_hidden_temple,
          cheibrodos_sewer_entry_bend, serial_shops,
          nicolae_shop_just_a_little_nook
D:4:      layout_basic, minitemple, mainiacjoe_overflow_alcove_1,
          uniq_crazy_yiuf_cottage, uniq_menkaure
D:5:      minmay_razor_zed, layout_loops_cross,
          nicolae_qazlal_general_emergency, minmay_temple_entry_purple_smoke,
          serial_shops, shop
D:6:      layout_cave_pools, bloody_trog, gammafunk_ghost_abyssal_escape,
          serial_shops, nicolae_inconvenience_store,
          minmay_a_box_with_orc_wizards_in_it
D:7:      layout_layer_cave, minmay_fire_ice_demons, uniq_prince_ribbit1
D:8:      minmay_statue_hallways, layout_basic, gammafunk_ghost_icy,
          grunt_ministairs_4, dk_noncrumbling_2
D:9:      layout_roguey, orc_0_dummy, enter_bailey_4, wad_mini_maze,
          uniq_erolcha
D:10:     layout_cave_pods, chequers_temple_overflow_statue_of_worship,
          serial_undead, serial_undead_e, serial_undead_f, serial_undead_c,
          serial_undead_d, minmay_misc_feat_tower, st_stairs_1
D:11:     layout_small_grid, lair_entry_dummy, minivault_1
D:12:     layout_loops_ring
Lair:1:   layout_loops_ring
Lair:2:   layout_gridlike, minmay_swamp_entry_wisps
Lair:3:   layout_gridlike, spider_nest_entry_rubble, minmay_holes,
          chequers_serial_rivers_large_b, beast_lair_carwin_6,
          lemuel_fruit_fields
Lair:4:   layout_cave_pods, slime_entry_1, basic_altar, minivault_26,
          grunt_megastairs_1
Lair:5:   cheibrodos_lair_end_hotspot, layout_misc_corridors, minivault_24

Skill      XL: |  1  2  3  4  5  6  7  8  9 10 11 12 13 |
---------------+----------------------------------------+-----
Short Blades   | 3 4 5 6 7 9 10 | 10.7
Invocations    | 3 5 6 9 11 13 | 13.7
Dodging        | 4 5 7 8 11 12 | 12.0
Shields        | 4 |  4.0
Fighting       | 5 6 |  6.2
Evocations     | 3 |  3.0
Stealth        | 1 6 9 10 | 10.0
Spellcasting   | 4 |  4.0
Air Magic      | 4 |  4.8

Action                     |  1- 3 |  4- 6 |  7- 9 | 10-12 | 13-15 || total
---------------------------+-------+-------+-------+-------+-------++-------
  Melee: Short sword       |   145 |   244 |   384 |   605 |   209 ||  1587
         Headbutt          |       |    38 |    91 |   171 |    88 ||   388
         Falchion          |       |       |       |     8 |       ||     8
         Rapier            |       |       |       |       |   100 ||   100
 Invoke: Smiting           |       |     3 |     5 |     2 |       ||    10
         Convert to Beogh  |       |     1 |       |       |       ||     1
         Recruit Apostle   |       |       |     2 |     2 |       ||     4
         Recall Apostles   |       |       |     2 |     4 |     4 ||    10
         Dismiss Apostle   |       |       |       |     1 |       ||     1
  Evoke: Wand              |       |       |     1 |     1 |     2 ||     4
    Use: Scroll            |       |     8 |     6 |     6 |    18 ||    38
         Potion            |       |       |     1 |     5 |     2 ||     8
   Stab: Sleeping          |     3 |     1 |     4 |    11 |     5 ||    24
         Distracted        |       |       |     2 |    15 |     8 ||    25
         Invisible         |       |       |       |     3 |       ||     3
 Armour: Robe              |    54 |   114 |    65 |       |       ||   233
         Leather armour    |       |       |    55 |   176 |     4 ||   235
         Skin              |       |       |       |       |    70 ||    70
  Dodge: Dodged            |    70 |   151 |   114 |   170 |   132 ||   637
  Block: Other             |       |       |    28 |       |       ||    28
         Reflection        |       |       |     2 |     6 |     3 ||    11
         Buckler           |       |       |       |   183 |    98 ||   281

Table legend: (Time is in decaauts)
 A = Elapsed time spent in this place.
 B = Non-inter-level travel time spent in this place.
 C = Inter-level travel time spent in this place.
 D = Time resting spent in this place.
 E = Time spent auto-exploring this place.
 F = Levels seen in this place.
 G = Mean time per level.
                   A        B        C        D        E       F      G
               +--------+--------+--------+--------+--------+-----+--------+
         Total |  20432 |  19180 |   1252 |   3096 |  11561 |  19 | 1075.4 |
       Dungeon |  13264 |  12167 |   1097 |   1548 |   7665 |  12 | 1105.3 |
          Lair |   6313 |   6158 |    155 |   1261 |   3745 |   5 | 1262.6 |
         Sewer |    476 |    476 |      0 |     94 |    150 |   1 |  476.0 |
        Bailey |    379 |    379 |      0 |    192 |      0 |   1 |  379.0 |
               +--------+--------+--------+--------+--------+-----+--------+

Top non-repeatable levels by time:
  Lair:5: 1795 daAuts
     D:5: 1563 daAuts
     D:1: 1525 daAuts
     D:9: 1513 daAuts
     D:8: 1495 daAuts
     D:4: 1303 daAuts
  Lair:4: 1291 daAuts
     D:7: 1258 daAuts
  Lair:3: 1106 daAuts
  Lair:1: 1076 daAuts
  Lair:2: 1044 daAuts
     D:6: 998 daAuts
    D:10: 935 daAuts
     D:3: 896 daAuts
     D:2: 890 daAuts
